 Dungeon Crawl Stone Soup version 0.27-a0-1081-ge8a0a9c698 (webtiles) character file.

Game seed: 1132858809358702179

592 shoop the Gusty (level 7, 0/46 HPs)
             Began as a Demonspawn Air Elementalist on Apr 25, 2021.
             Slain by a kobold brigand
             ... wielding a +0 dagger
              (6 damage)
             ... on level 5 of the Dungeon.
             The game lasted 00:11:01 (5314 turns).

shoop the Gusty (Demonspawn Air Elementalist)       Turns: 5314, Time: 00:11:01

Health: 0/46       AC:  4    Str: 10      XL:     7   Next: 16%
Magic:  2/10       EV: 12    Int: 15 (17) God:
Gold:   155        SH:  0    Dex: 13      Spells: 4/10 levels left

rFire    . . .     SeeInvis .   d - +0 hand axe
rCold    . . .     Faith    .   (no shield)
rNeg     . . .     Spirit   .   a - +0 robe
rPois    +         Reflect  .   (no helmet)
rElec    .         Harm     .   (no cloak)
rCorr    .         Rampage  .   r - +0 pair of gloves
Will     .....                  e - +0 pair of boots
Stlth    ++........             (no amulet)
HPRegen  0.15/turn              n - ring of poison resistance
MPRegen  0.12/turn              (no ring)

@: no status effects
A: hooves 1, demonic magic 1
a: no special abilities


You were on level 5 of the Dungeon.
You visited 1 branch of the dungeon, and saw 5 of its levels.

You collected 155 gold pieces.

Inventory:

Hand Weapons
 b - a +0 dagger
 d - a +0 hand axe (weapon)
 f - a +0 bardiche
Missiles
 j - 2 throwing nets
 k - 21 poisoned darts (quivered)
Armour
 a - a +0 robe (worn)
 e - a +0 pair of boots (worn)
 r - a +0 pair of gloves (worn)
Jewellery
 n - a ring of poison resistance (left hand)
Wands
 l - a wand of acid (10)
Scrolls
 c - 5 scrolls of identify {unknown}
 g - a scroll of teleportation {unknown}
 m - a scroll of immolation {unknown}
 o - a scroll of torment {unknown}
 t - a scroll of silence {unknown}
 u - a scroll of noise {unknown}
Potions
 h - 2 potions of flight {unknown}
 i - a potion of degeneration
 p - a potion of lignification {unknown}
 q - a potion of might {unknown}
 s - a potion of brilliance {unknown}


   Skills:
 - Level 1.0 Throwing
 - Level 2.0 Dodging
 - Level 2.0 Stealth
 - Level 2.0 Spellcasting
 + Level 4.9 Conjurations
 + Level 5.3 Air Magic
 + Level 1.9 Evocations


You had 4 spell levels left.
You knew the following spells:

 Your Spells              Type           Power      Damage    Failure   Level
a - Shock                 Conj/Air       64%        1d7       2%          1
b - Swiftness             Air            17%        N/A       8%          3
c - Static Discharge      Conj/Air       16%        N/A       4%          2

Your spell library contained the following spells:

 Spells                   Type           Power      Damage    Failure   Level
 Animate Skeleton         Necr           2%         N/A       22%         1
 Pain                     Necr           4%         1d4       22%         1
 Airstrike                Air            8%         N/A       24%         4
 Vampiric Draining        Necr           0%         2d6       54%         3
 Animate Dead             Necr           0%         N/A       91%         4
 Lightning Bolt           Conj/Air       8%         1d20      58%         5
 Agony                    Necr           1%         N/A       99%         5


Dungeon Overview and Level Annotations

Branches:
Dungeon (5/15)
 Temple: D:4-7

Altars:
Xom


Innate Abilities, Weirdness & Mutations

You have large cloven feet.
Spells you cast may paralyse adjacent enemies.


Message History

You hit the kobold brigand but do no damage.
The kobold brigand is heavily wounded.
The kobold brigand is no longer paralysed.
You hit the kobold brigand.
The kobold brigand is severely wounded.
The kobold brigand closely misses you. The kobold hits you but does no damage.
The kobold brigand hits you with a +0 dagger.
You hit the kobold brigand.
The kobold brigand is almost dead.
You miss the kobold. The kobold hits you but does no damage.
The kobold brigand closely misses you.
You closely miss the kobold brigand.
The kobold brigand is almost dead.
You completely miss the kobold. The kobold barely misses you.
The kobold brigand hits you with a +0 dagger!
You are too injured to fight recklessly!
You are too injured to fight recklessly!
You are too injured to fight recklessly!
You are too injured to fight recklessly!
You closely miss the kobold. You barely miss the kobold brigand.
The kobold hits you but does no damage.
The kobold brigand hits you with a +0 dagger.
The kobold hits you but does no damage.
You hit the kobold but do no damage. You barely miss the kobold brigand.
The kobold brigand hits you with a +0 dagger!
* * * LOW HITPOINT WARNING * * *
The kobold completely misses you.
The kobold brigand hits you with a +0 dagger.
* * * LOW HITPOINT WARNING * * *
You hit the kobold.
You kill the kobold!
You hit the kobold brigand but do no damage.
The kobold brigand hits you with a +0 dagger.
* * * LOW HITPOINT WARNING * * *
You hit the kobold.
The kobold is heavily wounded.
You hit the kobold brigand but do no damage.
The kobold completely misses you.
The kobold brigand hits you with a +0 dagger.
You die...

#### ###### #.. .....
#.# #..# #.#####..####
.#
###.##@#.........###.#
.....KKK..###.........#
###...#.### #.........#
#......#####........#
##...#..............#
##.#########.......# #.
#.......# # #.......#
###.#####


You could see a kobold brigand and 2 kobolds.

Vanquished Creatures
  Sigmund (D:3)
  2 ogres (D:4)
  A bullfrog zombie (D:5)
  An iguana (D:4)
  3 gnolls (D:3)
  10 adders
  An ufetubus (D:4)
  2 worms
  3 dart slugs
  5 orcs
  10 ball pythons
  8 endoplasms
  2 giant cockroaches
  7 goblins
  8 hobgoblins
  2 jackals (D:1)
  8 kobolds
  3 quokkas
  6 bats
  4 frilled lizards
  3 rats (D:1)
90 creatures vanquished.

Vanquished Creatures (others)
  3 fungi (D:2)
  6 plants (D:2)
9 creatures vanquished.

Grand Total: 99 creatures vanquished

Notes
Turn   | Place    | Note
-------+----------+-------------------------------------------
     0 | D:1      | shoop the Demonspawn Air Elementalist began the quest for
                  | the Orb.
     0 | D:1      | Reached XP level 1. HP: 13/13 MP: 3/3
   346 | D:1      | Gained mutation: You have large cloven feet. [demonic
                  | ancestry]
   346 | D:1      | Reached XP level 2. HP: 19/19 MP: 3/5
   616 | D:1      | Reached skill level 3 in Air Magic
  1229 | D:1      | Gained mutation: Spells you cast may paralyse adjacent
                  | enemies. [demonic ancestry]
  1229 | D:1      | Reached XP level 3. HP: 24/24 MP: 3/6
  2316 | D:2      | Reached XP level 4. HP: 27/30 MP: 2/7
  2849 | D:2      | Found a faded altar of an unknown god.
  3116 | D:3      | Reached skill level 4 in Air Magic
  3123 | D:2      | Learned a level 3 spell: Swiftness
  3126 | D:2      | Learned a level 2 spell: Static Discharge
  3389 | D:3      | Reached XP level 5. HP: 35/35 MP: 2/8
  3700 | D:3      | Noticed Sigmund
  4008 | D:3      | Found a shimmering altar of Xom.
  4089 | D:3      | Killed Sigmund
  4090 | D:3      | Reached skill level 1 in Throwing
  4090 | D:3      | Reached XP level 6. HP: 32/41 MP: 2/9
  4400 | D:4      | Reached skill level 5 in Air Magic
  4400 | D:4      | Reached skill level 1 in Evocations
  4823 | D:4      | Reached XP level 7. HP: 44/46 MP: 2/10
  5256 | D:5      | Entered Level 5 of the Dungeon
  5314 | D:5      | Slain by a kobold brigand

Illustrated notes

Levels and vault maps discovered:
D:1:      ebering_trefoil_twist, layout_basic
D:2:      layout_loops_corners, shapermc_ecumenical_altar_mp_urbaneastern
D:3:      layout_rooms, old_standard_altar, uniq_sigmund
D:4:      layout_basic, grunt_decor_resistance, minmay_close_crescents
D:5:      layout_loops_corners, nemelex_xobeh_ov_fountains_minmay, serial_shops,
          shop_fountains, minmay_pentangle, uniq_grinder

Skill      XL: |  1  2  3  4  5  6 |
---------------+-------------------+-----
Dodging        | 2 |  2.0
Stealth        | 2 |  2.0
Air Magic      | 3 4 5 |  5.3
Conjurations   | 2 3 4 |  4.9
Throwing       | 1 |  1.0
Evocations     | 1 |  1.9
Spellcasting   | |  2.0

Action                   |  1- 3 |  4- 6 |  7- 9 || total
-------------------------+-------+-------+-------++-------
Melee: Unarmed           |     4 |       |       ||     4
       Dagger            |     8 |       |       ||     8
       Hand axe          |     5 |     5 |    18 ||    28
       Kick              |     1 |       |       ||     1
       Bardiche          |       |     5 |       ||     5
Throw: Dart              |       |     7 |       ||     7
 Cast: Shock             |    82 |    93 |    24 ||   199
       Static Discharge  |       |     8 |     4 ||    12
  Use: Potion            |       |     3 |       ||     3
 Stab: Paralysed         |     1 |     1 |     3 ||     5
Armor: Robe              |     2 |     3 |     8 ||    13
Dodge: Dodged            |    15 |    18 |    15 ||    48

Table legend: (Time is in decaauts)
 A = Elapsed time spent in this place.
 B = Non-inter-level travel time spent in this place.
 C = Inter-level travel time spent in this place.
 D = Time resting spent in this place.
 E = Time spent auto-exploring this place.
 F = Levels seen in this place.
 G = Mean time per level.
                   A        B        C        D        E       F      G
               +--------+--------+--------+--------+--------+-----+--------+
         Total |   5306 |   5159 |    147 |    340 |   4224 |   5 | 1061.2 |
       Dungeon |   5306 |   5159 |    147 |    340 |   4224 |   5 | 1061.2 |
               +--------+--------+--------+--------+--------+-----+--------+

Top non-repeatable levels by time:
     D:1: 1707 daAuts
     D:2: 1630 daAuts
     D:4: 1009 daAuts
     D:3: 896 daAuts
     D:5: 62 daAuts
